 Dungeon Crawl Stone Soup version 0.20.1-1-g8b1a95d (webtiles) character file.

47 Cqwertzu the Cutter (level 3, 0/37 HPs)
             Began as a Kobold Berserker on Oct 10, 2017.
             Was a Believer of Trog.
             Slain by a worm (6 damage)
             ... on level 2 of the Dungeon.
             The game lasted 00:02:16 (1563 turns).

Cqwertzu the Cutter (Kobold Berserker)              Turns: 1563, Time: 00:02:16

Health: 0/37       AC:  3    Str: 21    XL:     3   Next: 97%
Magic:  3/3        EV: 15    Int:  8    God:    Trog [**....]
Gold:   91         SH:  0    Dex: 15    Spells: 2/2 levels left

rFire    + . .     SeeInvis .   a - +0 short sword
rCold    . . .     Gourm    .   (shield restricted)
rNeg     . . .     Faith    .   b - +0 animal skin
rPois    .         Spirit   .   j - +0 helmet
rElec    .         Reflect  .   (no cloak)
rCorr    .         Harm     .   (no gloves)
MR       .....                  (no boots)
Stlth    ..........             (no amulet)
Regen    0.2/turn               (no ring)
MPRegen  0.1/turn               (no ring)

@: berserking, very quick
A: claws 1, carnivore 3, fire resistance 1, robust 1, strong 1
a: Berserk, Trog's Hand, Burn Spellbooks, Renounce Religion


You were on level 2 of the Dungeon.
You worshipped Trog.
Trog was pleased with you.
You were very full.

You visited 1 branch of the dungeon, and saw 2 of its levels.

You collected 91 gold pieces.

Inventory:

Hand Weapons
 a - a +0 short sword (weapon)
Missiles
 e - a throwing net (quivered)
Armour
 b - a +0 animal skin (worn)
 j - a +0 helmet (worn)
Scrolls
 d - 2 scrolls of remove curse
 f - 2 scrolls of identify
 g - a scroll of noise {unknown}
Potions
 h - a potion of curing
Comestibles
 c - 2 meat rations


   Skills:
 - Level 3.2 Fighting
 + Level 6.0 Short Blades
 - Level 1.5 Armour
 - Level 2.4 Dodging


You had 2 spell levels left.
You didn't know any spells.

Dungeon Overview and Level Annotations

Branches:
Dungeon (2/15)

Altars:
Xom


Innate Abilities, Weirdness & Mutations

You are small and have problems with some larger weapons.
You are carnivorous and can eat meat at any time.
You have sharp fingernails.
Your flesh is heat resistant. (rF+)
You are robust. (+10% HP)
Your muscles are strong. (Str +2)


Message History

The worm is moderately wounded.
You hit the worm.
The worm is heavily wounded.
The kobold completely misses you. The worm barely misses you.
You hit the worm.
The worm is heavily wounded.
The kobold completely misses you.
You hit the worm.
The worm is heavily wounded.
The kobold barely misses you. The worm bites you!
* * * LOW HITPOINT WARNING * * *
You are too injured to fight recklessly!
You are too injured to fight recklessly!
A red film seems to cover your vision as you go berserk!
You feel yourself moving faster!
You feel mighty! The kobold hits you.
* * * LOW HITPOINT WARNING * * *
You hit the worm.
The worm is severely wounded.
The worm bites you.
You die...

#.#..............###
#.##.###......##.#..
#†######.#######.#)#
#.###.......####.#.#
#...#.##...........#
###(#.##.##.####.###
#....##.##.# #.#..
#.#....#...# # #.#.#
#...@...# #....
......w)K..# #...#
.###.......# ##. #
#.........
......$....#
....##.####.# .....
#.# .# #.#.# #.# #


You could see a worm and a kobold.

Vanquished Creatures
  2 worms (D:2)
  A ball python (D:1)
  2 giant cockroaches (D:1)
  6 goblins (D:1)
  6 hobgoblins
  4 jackals (D:1)
  7 kobolds
  A quokka (D:2)
  5 bats
  A frilled lizard (D:1)
  3 rats (D:1)
38 creatures vanquished.

Notes
Turn   | Place    | Note
-------+----------+-------------------------------------------
     0 | D:1      | Cqwertzu the Kobold Berserker began the quest for the Orb.
     0 | D:1      | Reached XP level 1. HP: 14/14 MP: 1/1
    40 | D:1      | Reached XP level 2. HP: 17/19 MP: 2/2
   106 | D:1      | Reached skill level 5 in Short Blades
   428 | D:1      | Reached XP level 3. HP: 23/23 MP: 3/3
   563 | D:1      | Reached ** piety under Trog
   989 | D:1      | Gained mutation: You have sharp fingernails. [potion of mutation]
   989 | D:1      | Gained mutation: You are robust. (+10% HP) [potion of mutation]
   989 | D:1      | Gained mutation: Your flesh is heat resistant. (rF+) [potion of mutation]
   989 | D:1      | Gained mutation: Your muscles are strong. (Str +2) [potion of mutation]
  1176 | D:2      | Found a shimmering altar of Xom.
  1178 | D:2      | Found a shimmering altar of Xom.
  1178 | D:2      | Found a shimmering altar of Xom.
  1194 | D:2      | Found a shimmering altar of Xom.
  1539 | D:2      | Reached skill level 6 in Short Blades
  1563 | D:2      | Slain by a worm

Skill      XL: |  1  2  3 |
---------------+----------+-----
Short Blades   | 5 6 |  6.0
Fighting       | |  3.2
Armour         | |  1.5
Dodging        | |  2.4

Action                   || total
-------------------------++-------
Melee: Short sword       ||   165
Invok: Berserk           ||     2
  Use: Scroll            ||     3
       Potion            ||     1
  Eat: Chunk             ||    11
Armor: Animal skin       ||    24
Dodge: Dodged            ||   102
